 Dungeon Crawl Stone Soup version 0.27-a0-1242-ge70438ac7b (webtiles) character file.

Game seed: 9136637246252739531

6504 Glokmah the Fighter (level 11, -3/86 HPs)
             Began as a Djinni Fire Elementalist on June 9, 2021.
             Was an Initiate of Gozag.
             Killed from afar by Fannar (30 damage)
             ... with a bolt of cold
             ... on level 1 of the Lair of Beasts.
             The game lasted 00:19:05 (12389 turns).

Glokmah the Fighter (Djinni Fire Elementalist)     Turns: 12389, Time: 00:19:06

Health: -3/86      AC:  6    Str:  7    XL:     11   Next: 19%
Gold:   1279       EV: 19    Int: 20    God:    Gozag SH:  0 Dex: 14

rFire    + + .     SeeInvis .   a - staff of conjuration
rCold    x . .     Faith    .   (no shield)
rNeg     . . .     Spirit   .   e - +0 robe
rPois    ∞         Reflect  .   (no helmet)
rElec    .         Harm     .   C - +2 cloak
rCorr    .         Rampage  .   t - +0 pair of gloves
Will     +....                  (boots unavailable)
Stlth    ++........             (no amulet)
HPRegen  0.24/turn              h - +4 ring of evasion
MPRegen  0.00/turn              (no ring)

@: gold aura, flying, very slightly contaminated
A: sickness immunity, fire resistance 2, cold vulnerability 1, float, innate
caster, hp casting, extra vitality 1
a: Renounce Religion, Potion Petition, Call Merchant, Bribe Branch


You were on level 1 of the Lair of Beasts.
You worshipped Gozag.
Gozag was most pleased with you.
You visited 2 branches of the dungeon, and saw 11 of its levels.

You collected 1532 gold pieces.
You paid 253 gold pieces to Gozag.

Inventory:

Hand Weapons
 d - a +0 short sword
 g - the +7 flail of Fedhas's Hope {venom, rC+++ rCorr Str-4 Stlth+}
   (You found it on level 5 of the Dungeon)

   It poisons the flesh of those it strikes.
   It affects your strength (-4).
   It renders you almost immune to cold.
   It protects you from acid and corrosion.
   It makes you more stealthy.
Missiles
 j - 4 javelins
 l - a throwing net
 p - 42 poisoned darts
 x - 4 boomerangs of dispersal
Armour
 e - a +0 robe (worn)
 t - a +0 pair of gloves (worn)
 C - a +2 cloak (worn)
Magical Staves
 a - a staff of conjuration (weapon)
Jewellery
 h - a +4 ring of evasion (left hand)
Wands
 m - a wand of paralysis (20)
 q - a wand of charming (3)
 w - a wand of flame (54)
 A - a wand of acid (4)
 E - a wand of digging (4)
 G - a wand of iceblast (7)
Scrolls
 k - a scroll of holy word {unknown}
 o - 5 scrolls of identify
 u - a scroll of enchant armour {unknown}
 v - a scroll of blinking {unknown}
 y - a scroll of fog
 B - a scroll of summoning {unknown}
 F - a scroll of magic mapping
Potions
 b - 2 potions of attraction {unknown}
 c - a potion of heal wounds {unknown}
 f - 2 potions of haste
 i - 3 potions of brilliance
 n - 3 potions of curing
 r - a potion of degeneration {unknown}
 s - a potion of cancellation {unknown}
 z - 2 potions of might {unknown}
 D - a potion of mutation {unknown}


   Skills:
 * Level 10.4 Fighting
 - Level 7.0 Dodging
 - Level 1.7 Stealth
 * Level 8.9 Spellcasting


You couldn't memorise any spells.
You knew the following spells:

 Your Spells              Type           Power      Damage    Failure   Level
a - Foxfire               Conj/Fire      100%       2x1d9     1%          1
b - Iskenderun's Battles  Conj           61%        2d11      5%          5
c - Inner Flame           Hex/Fire       44%        N/A       1%          3
d - Sticky Flame          Conj/Fire      61%        2d8       1%          4
e - Fireball              Conj/Fire      30%        3d13      5%          5
f - Corona                Hex            48%        N/A       1%          1
g - Ensorcelled Hibernat  Hex/Ice        88%        N/A       1%          2
h - Wereblood             Tmut           44%        N/A       1%          2
i - Cause Fear            Hex            22%        N/A       1%          4
j - Conjure Flame         Conj/Fire      61%        6-21      1%          3
Your spell library was empty.

Dungeon Overview and Level Annotations

Branches:
Dungeon (10/15)            Temple (0/1) D:4            Lair (1/6) D:9
    Orc: D:9-12

Altars:
Ashenzari
Dithmenos
Fedhas
Gozag
Hepliaklqana
Kikubaaqudgha
Nemelex Xobeh
Okawaru
Qazlal
Sif Muna
Trog
Zin
The Shining One

Annotations:
Lair:1 Fannar


Innate Abilities, Weirdness & Mutations

You are immune to sickness and miasma.
You are immune to poison.
Your flesh is very heat resistant. (rF++)
You are vulnerable to cold. (rC-)
You float through the air rather than walking.
You learn spells naturally, not from books.
Your magical power is your life essence.
You have superior vitality. (+4 HP)


Message History

You kill the yak!
Fannar completely misses you.
The foxfire hits Fannar but does no damage.
Fannar is severely wounded.
The foxfire hits Fannar but does no damage.
Fannar is severely wounded.
Fannar casts a spell at you.
The bolt of cold hits your battlesphere!
Your battlesphere resists.
The bolt of cold misses you.
Casting: Foxfire (safe; 1% risk of failure)
Confirm with . or Enter, or press ? or * to list all spells.
You feel a surge of power!
You conjure some foxfire!
Your battlesphere fires!
The barrage of energy hits Fannar.
Fannar is severely wounded.
Your battlesphere expends the last of its energy and dissipates.
The black bear is distracted by your dazzling golden aura.
Casting: Foxfire (safe; 1% risk of failure)
Confirm with . or Enter, or press ? or * to list all spells.
Aiming: Sticky Flame (dangerous; 1% risk of failure)
Press: ? - help, Shift-Dir - straight line, f/p - Fannar
Aim: Fannar, wielding a staff of cold and wearing a +2 robe of cold resistance (severely wounded, 100% to hit)
You feel a surge of power!
The sticky flame hits Fannar but does no damage.
Fannar is severely wounded.
Fannar is covered in liquid flames!
The black bear growls angrily.
Fannar burns!
The foxfire hits Fannar.
Fannar is almost dead.
The foxfire hits Fannar but does no damage.
Fannar is almost dead.
Fannar closely misses you.
The black bear is no longer distracted by gold.
Fannar burns!
The black bear is distracted by your dazzling golden aura.
Fannar gestures at you while chanting. The bolt of cold hits you!!
You feel a terrible chill!
You die...
Your body crumbles into a pile of gold.

## #.### . #..# ..
#..## ... #...#
.... #.<## .....
####...#
.....$#.##..##
........h.°@##..##
.......$.e.........
$
.P##..#.##.........
#...###..###.P#.
#..# #..# ## ....
#..# $ ... #... $
h... ..... .....


You could see Fannar (burning) and a black bear (unaware).

Vanquished Creatures
  A boulder beetle (D:9)
  A cane toad (Lair:1)
  A komodo dragon (Lair:1)
  A troll (D:9)
  2 hornets
  2 wyverns
  A vampire (D:9)
  A yak (Lair:1)
  2 steam dragons (D:8)
  2 vampire mosquitoes (D:7)
  2 water moccasins
  2 ice beasts
  2 black bears
  2 orc warriors
  A wolf (Lair:1)
  4 centaurs
  7 ogres
  A kobold brigand (D:8)
  5 bullfrogs
  2 scorpions
  A water moccasin zombie (D:5)
  6 killer bees
  A howler monkey (D:4)
  4 wights
  An electric eel (D:6)
  2 bullfrog zombies
  2 gnoll shamans
  An orc priest (D:5)
  2 hounds
  A jelly (D:8)
  2 centaur skeletons
  4 iguanas
  3 orc wizards
  A killer bee zombie (D:6)
  A hound skeleton (D:4)
  A howler monkey zombie (D:7)
  11 gnolls
  8 adders
  A shadow imp (D:6)
  A white imp (D:7)
  3 ufetubi
  A worm (D:3)
  4 dart slugs
  24 orcs
  9 ball pythons
  7 endoplasms
  9 giant cockroaches
  4 goblins
  2 hobgoblins
  2 jackals (D:4)
  10 quokkas
  5 bats
  A frilled lizard (D:2)
  14 kobolds
  7 rats
198 creatures vanquished.

Vanquished Creatures (collateral kills)
  22 foxfires
22 creatures vanquished.

Vanquished Creatures (others)
  666 foxfires
  A fungus (Lair:1)
  28 plants
695 creatures vanquished.

Grand Total: 915 creatures vanquished

Notes
Turn   | Place    | Note
-------+----------+-------------------------------------------
     0 | D:1      | Glokmah the Djinni Fire Elementalist began the quest for
                  | the Orb.
     0 | D:1      | Reached XP level 1. HP: 15/15 MP: 0/0
   265 | D:1      | Reached XP level 2. HP: 14/21 MP: 0/0
   677 | D:1      | You are sucked into a shaft and drop 1 floor!
   856 | D:2      | Reached XP level 3. HP: 24/26 MP: 0/0
   856 | D:2      | Learned a level 1 spell: Corona
  1439 | D:1      | Reached skill level 1 in Fighting
  1731 | D:1      | Reached XP level 4. HP: 10/32 MP: 0/0
  2576 | D:2      | Found a faded altar of an unknown god.
  2759 | D:2      | You are sucked into a shaft and drop 2 floors!
  2762 | D:4      | Found an opulent altar of Gozag.
  2782 | D:4      | Became a worshipper of Gozag Ym Sagoz the Greedy
  2857 | D:4      | Noticed an ogre
  2862 | D:4      | Killed an ogre
  2863 | D:4      | Reached skill level 2 in Fighting
  2863 | D:4      | Reached XP level 5. HP: 27/38 MP: 0/0
  2863 | D:4      | Learned a level 2 spell: Ensorcelled Hibernation
  2928 | D:4      | Reached XP level 6. HP: 30/43 MP: 0/0
  3120 | D:4      | Found a hazy altar of Hepliaklqana.
  3121 | D:4      | Found a shadowy altar of Dithmenos.
  3121 | D:4      | Noticed a shadow
  3179 | D:4      | Noticed an ogre
  3185 | D:4      | Killed an ogre
  3205 | D:3      | Found a bloodstained altar of Trog.
  3549 | D:3      | Reached XP level 7. HP: 42/49 MP: 0/0
  3549 | D:3      | Learned a level 2 spell: Wereblood
  3594 | D:3      | Found a glowing golden altar of the Shining One.
  3614 | D:3      | Reached skill level 3 in Fighting
  3900 | D:3      | Found a broken altar of Ashenzari.
  3901 | D:3      | Found a glowing silver altar of Zin.
  3902 | D:3      | Found an iron altar of Okawaru.
  3902 | D:3      | Found a sparkling altar of Nemelex Xobeh.
  4719 | D:4      | Reached skill level 4 in Fighting
  4723 | D:4      | Reached skill level 5 in Spellcasting
  4723 | D:4      | Reached XP level 8. HP: 42/58 MP: 0/0
  4879 | D:4      | Found a staircase to the Ecumenical Temple.
  5280 | D:5      | Entered Level 5 of the Dungeon
  5463 | D:5      | Reached skill level 5 in Dodging
  5655 | D:5      | Found a blossoming altar of Fedhas.
  5748 | D:5      | Identified the +7 flail of Fedhas's Hope {venom, rC+++
                  | rCorr Str-4 Stlth+}
  6085 | D:5      | Found a stormy altar of Qazlal.
  6218 | D:5      | Reached skill level 5 in Fighting
  6627 | D:6      | Reached XP level 9. HP: 24/66 MP: 0/0
  6627 | D:6      | Learned a level 4 spell: Cause Fear
  6924 | D:6      | Reached skill level 6 in Fighting
  8043 | D:6      | Reached skill level 7 in Fighting
  8724 | D:7      | Reached XP level 10. HP: 66/76 MP: 0/0
  8984 | D:7      | Reached skill level 8 in Fighting
  9860 | D:8      | Reached skill level 9 in Fighting
 10916 | D:9      | Noticed a boulder beetle
 10932 | D:9      | Killed a boulder beetle
 11121 | D:9      | Reached XP level 11. HP: 17/85 MP: 0/0
 11121 | D:9      | Learned a level 5 spell: Iskenderun's Battlesphere
 11824 | D:9      | Found a staircase to the Lair.
 12006 | D:10     | Entered Level 10 of the Dungeon
 12039 | Lair:1   | Entered Level 1 of the Lair of Beasts
 12049 | Lair:1   | Reached skill level 10 in Fighting
 12369 | Lair:1   | Noticed Fannar
 12383 | Lair:1   | HP: 2/85 [Fannar/staff of cold (7)]
 12389 | Lair:1   | Killed from afar by Fannar

Illustrated notes

Levels and vault maps discovered:
D:1:      lightli_arrival_quake, layout_loops_ring
D:2:      layout_loops_ring, basic_ecumenical_altar, kennysheep_another_room
D:3:      wad_woods_stonehenge, layout_rooms, bloody_trog,
          grunt_temple_overflow_open
D:4:      layout_cave_pools, riverfiend_overflow_shadow_ancestor,
          grunt_gozag_statues, lemuel_tele_altar, temple_green, corexii_shack
D:5:      layout_basic, overflow_temple_1_default, kennysheep_mini,
          kennysheep_generic_room_3
D:6:      layout_loops_ring, gup_sewer_entry_pipe, serial_bayou_pond_b,
          kennysheep_generic_room_9
D:7:      layout_basic
D:8:      layout_basic, grunt_ministairs_4
D:9:      layout_basic, lair_entry_dummy
D:10:     layout_rooms, nicolae_tso_swordbearing_angel,
          kennysheep_orc_monster_closet_entryway, hangedman_fish_farm
Lair:1:   layout_small_grid, st_stairs_12, beast_lair_carwin_4,
          grunt_megastairs_2, uniq_gastronok, uniq_fannar

Skill      XL: |  1  2  3  4  5  6  7  8  9 10 11 |
---------------+----------------------------------+-----
Spellcasting   | 3 4 5 7 8 |  8.9
Fighting       | 1 2 4 5 7 9 10 | 10.4
Dodging        | 3 4 5 6 7 |  7.0
Stealth        | |  1.7

Action                   |  1- 3 |  4- 6 |  7- 9 | 10-12 || total
-------------------------+-------+-------+-------+-------++-------
Melee: Unarmed           |     4 |       |       |       ||     4
       Short sword       |     8 |       |       |       ||     8
       Staff             |     5 |     4 |    19 |     4 ||    32
 Cast: Foxfire           |    71 |   106 |   194 |    63 ||   434
       Inner Flame       |     1 |       |       |     3 ||     4
       Conjure Flame     |     1 |       |       |       ||     1
       Sticky Flame      |       |       |    23 |    18 ||    41
       Fireball          |       |       |     7 |    14 ||    21
       Iskenderun's Batt |       |       |       |     5 ||     5
       Cause Fear        |       |       |       |     2 ||     2
Invok: Potion Petition   |       |       |       |     1 ||     1
  Use: Scroll            |       |       |     8 |       ||     8
Armor: Robe              |    12 |     6 |    18 |     6 ||    42
Dodge: Dodged            |    30 |     6 |    86 |    59 ||   181

Table legend: (Time is in decaauts)
 A = Elapsed time spent in this place.
 B = Non-inter-level travel time spent in this place.
 C = Inter-level travel time spent in this place.
 D = Time resting spent in this place.
 E = Time spent auto-exploring this place.
 F = Levels seen in this place.
 G = Mean time per level.
                   A        B        C        D        E       F      G
               +--------+--------+--------+--------+--------+-----+--------+
         Total |  12409 |  11777 |    632 |   1654 |   8425 |  11 | 1128.1 |
       Dungeon |  12357 |  11725 |    632 |   1654 |   8419 |  10 | 1235.7 |
          Lair |     52 |     52 |      0 |      0 |      6 |   1 |   52.0 |
               +--------+--------+--------+--------+--------+-----+--------+

Top non-repeatable levels by time:
     D:1: 1876 daAuts
     D:6: 1598 daAuts
     D:8: 1523 daAuts
     D:9: 1462 daAuts
     D:3: 1398 daAuts
     D:4: 1309 daAuts
     D:7: 1153 daAuts
     D:5: 1146 daAuts
     D:2: 885 daAuts
  Lair:1: 52 daAuts
    D:10: 1 daAuts
